 Dungeon Crawl Stone Soup version 0.32-a0-120-gfac0567ad4 (webtiles) character file.

Game seed: 6265135265833968698

49 Bravepunisher the Ducker (level 3, 0/19 HPs)
             Began as a Spriggan Monk on Feb 6, 2024.
             Succumbed to a water moccasin's poison
             ... on level 7 of the Dungeon.
             The game lasted 00:05:14 (893 turns).

Bravepunisher the Ducker (Spriggan Monk)             Turns: 893, Time: 00:05:14

Health: 0/19       AC:  4    Str:  7    XL:     3   Next: 53%
Magic:  4/4        EV: 20    Int: 11    God:
Gold:   22         SH:  0    Dex: 19    Spells: 2/2 levels left

rFire   . . .        a - +0 short sword
rCold   + . .        (no shield)
rNeg    . . .        g - +0 robe {rC+}
rPois   .            d - +1 hat
rElec   .            h - +0 cloak
rCorr   .            (gloves unavailable)
SInv    +            (boots unavailable)
Will    +....        (no amulet)
Stlth   ++           (no ring)
HPRegen 0.23/turn    (no ring)
MPRegen 0.09/turn

%: no passive effects
@: lethally poisoned (0 -> -14), attractive, enlightened, flying, very quick
A: very small, no large weapons, unfitting armour, see invisible, speed 3
a: no special abilities


You were on level 7 of the Dungeon.
You visited 1 branch of the dungeon, and saw 7 of its levels.

You collected 22 gold pieces.

Inventory:

Hand Weapons
 a - a +0 short sword (weapon)
Armour
 d - a +1 hat (worn)
 g - a +0 robe of cold resistance (worn)
 h - a +0 cloak (worn)
Potions
 b - a potion of attraction


   Skills:
 + Level 2.9 Fighting
 - Level 3.2 Short Blades
 * Level 5.5 Dodging


You had 2 spell levels left.
You didn't know any spells.
Your spell library contained the following spells:

 Spells                   Type           Power      Damage    Failure   Level
 Cause Fear               Hex            0%         N/A       98%         4
 Fireball                 Conj/Fire      0%         3d3       100%        5
 Dragon's Call            Summ           0%         N/A       100%        9


Dungeon Overview and Level Annotations

Branches:
Dungeon (7/15)
 Temple: D:4-7

Altars:
Dithmenos

Shops:
D:7 *

Portals:
Sewer: D:4


Innate Abilities, Weirdness & Mutations

You are very small and have problems with some larger weapons.
You are too small for most types of armour.
You have supernaturally acute eyesight. (SInv)
You cover ground extremely quickly. (Speed+++)


Message History

The water moccasin completely misses you.
The ufetubus misses you. The ufetubus completely misses you.
You are confused.
You feel invigorated. The water moccasin bites you.
The ufetubus completely misses you. x2
You bump into the metal wall.
The water moccasin bites you!
You are lethally poisoned!
The water moccasin poisons you! The ufetubus misses you.
The ufetubus completely misses you.
The water moccasin bites you but does no damage.
The ufetubus completely misses you. The ufetubus misses you.
Unknown command.
Unknown command.
You completely miss the ufetubus.
You feel sick. The water moccasin misses you. The ufetubus closely misses you.
The ufetubus hits you but does no damage.
You're too confused to move!
You feel sick. The water moccasin barely misses you.
The ufetubus completely misses you. The ufetubus barely misses you.
The water moccasin bites you but does no damage.
You closely miss the water moccasin.
You feel less invigorated.
You feel less confused.
You feel sick. The ufetubus misses you. x2
The ufetubus hits you but does no damage.
The ufetubus completely misses you. The water moccasin misses you.
Unknown command.
You miss the ufetubus. Your punch misses the ufetubus.
You feel sick. The ufetubus completely misses you. The ufetubus misses you.
The water moccasin bites you.
You are lethally poisoned!
The water moccasin poisons you!
Unknown command.
You hit the ufetubus but do no damage.
* * * LOW HITPOINT WARNING * * *
You feel very sick. The ufetubus closely misses you. The ufetubus misses you.
The water moccasin completely misses you.
Unknown command.
You hit the ufetubus but do no damage.
You die...

#.# ##.## #...##
#.#..# #..... #.####
#. ##.# #..######
###..## #...5@S5##
##.....#
##.####Y.####......#
##..............
####........###
##########


You could see a water moccasin, an ice beast and 2 ufetubi.

Vanquished Creatures
  3 adders
  3 dart slugs
  2 endoplasms
  A giant cockroach (D:4)
  A goblin (D:2)
  A hobgoblin (D:1)
  2 kobolds (D:2)
  A quokka (D:5)
  A ball python (D:4)
  3 bats
18 creatures vanquished.

Notes
Turn   | Place    | Note
-------+----------+-------------------------------------------
     0 | D:1      | Bravepunisher the Spriggan Monk began the quest for the
                  | Orb.
     0 | D:1      | Reached XP level 1. HP: 11/11 MP: 2/2
   161 | D:2      | Reached XP level 2. HP: 16/16 MP: 3/3
   319 | D:3      | Found a shadowy altar of Dithmenos.
   356 | D:3      | Reached skill level 5 in Dodging
   499 | D:4      | Found a glowing drain.
   524 | D:5      | Entered Level 5 of the Dungeon
   546 | D:5      | Reached XP level 3. HP: 8/19 MP: 4/4
   714 | D:6      | Noticed a water moccasin
   810 | D:7      | Found Fiavoh's Assorted Antiques.
   867 | D:7      | Noticed an ice beast
   867 | D:7      | Noticed a water moccasin
   893 | D:7      | Succumbed to a water moccasin's poison

Illustrated notes

Levels and vault maps discovered:
D:1:      mrwooster_arrival_arrow, layout_loops_ring, serial_forest,
          infiniplex_forest_lined_3, infiniplex_forest_clump_curved,
          infiniplex_forest_straight_2, infiniplex_forest_clump_medium,
          infiniplex_forest_clump_diagonal, infiniplex_forest_join,
          infiniplex_forest_clump_double, infiniplex_forest_corner_1,
          infiniplex_forest_clump_long
D:2:      minmay_skewed_foursquare, layout_rooms
D:3:      kennysheep_the_goblin_king, layout_rooms,
          mainiacjoe_overflow_small_starburst, nicolae_twisty_statue_hallways
D:4:      layout_loops_cross, minmay_temple_entry_fiery,
          cheibrodos_sewer_entry_drain, gammafunk_ghost_smash, uniq_pikel
D:5:      layout_basic
D:6:      nicolae_whirlpool, layout_gridville
D:7:      minmay_polygon_palace, layout_rooms, serial_shops, shop, shop

Skill      XL: |  1  2 |
---------------+-------+-----
Dodging        | 5 |  5.5
Fighting       | |  2.9
Short Blades   | |  3.2

Action                     || total
---------------------------++-------
  Melee: Short sword       ||   128
         Punch             ||     3
    Use: Potion            ||     3
         Scroll            ||     1
   Stab: Sleeping          ||     2
 Armour: Robe              ||    46
  Dodge: Dodged            ||   142

Table legend: (Time is in decaauts)
 A = Elapsed time spent in this place.
 B = Non-inter-level travel time spent in this place.
 C = Inter-level travel time spent in this place.
 D = Time resting spent in this place.
 E = Time spent auto-exploring this place.
 F = Levels seen in this place.
 G = Mean time per level.
                   A        B        C        D        E       F      G
               +--------+--------+--------+--------+--------+-----+--------+
         Total |    621 |    621 |      0 |      0 |    205 |   7 |   88.7 |
       Dungeon |    621 |    621 |      0 |      0 |    205 |   7 |   88.7 |
               +--------+--------+--------+--------+--------+-----+--------+

Top non-repeatable levels by time:
     D:5: 124 daAuts
     D:2: 122 daAuts
     D:1: 103 daAuts
     D:4: 102 daAuts
     D:6: 78 daAuts
     D:7: 58 daAuts
     D:3: 32 daAuts
